 Dungeon Crawl Stone Soup version 0.28.0 (webtiles) character file.

Game seed: 13009787607729785695

307629 thepacket the Imperceptible (level 20, 0/161 HPs)
             Began as a Vampire Enchanter on Feb 17, 2022.
             Was the Champion of Dithmenos.
             Shot with a bolt by a yaktaur (22 damage)
             ... led by a yaktaur captain
             ... on level 2 of the Vaults on Feb 18, 2022.
             The game lasted 04:20:06 (51139 turns).

thepacket the Imperceptible (Vampire Enchanter)    Turns: 51139, Time: 04:20:07

Health: 0/161      AC: 17    Str: 13    XL:     20   Next: 67%
Magic:  15/32      EV: 19    Int: 24    God:    Dithmenos [******]
Gold:   4568       SH:  7    Dex: 17    Spells: 1/35 levels left

rFire   . . .      SeeInvis +   a - +8 arc blade {discharge, rElec}
rCold   + . .      Faith    .   h - +1 buckler {reflect}
rNeg    + . .      Spirit   .   K - +0 acid dragon scales
rPois   +          Reflect  +   u - +1 helmet
rElec   +          Harm     .   W - +2 cloak {Stlth+}
rCorr   +          Rampage  .   y - +1 pair of gloves
Will    +++..                   w - +2 pair of boots {Stlth+} Stlth ********++
                                q - amulet of Modesty {RegenMP rN+}
HPRegen 0.56/turn               C - +6 ring of intelligence
MPRegen 0.63/turn               p - ring of Optimism {rElec rPois rC+ Will+}

@: healing quickly, wreathed by umbra
A: alive, fangs 3, see invisible, vampiric 2
}: 1/15 runes: gossamer
a: Exsanguinate, Renounce Religion, Shadow Step, Shadow Form


You were on level 2 of the Vaults.
You worshipped Dithmenos.
Dithmenos was exalted by your worship.
You visited 8 branches of the dungeon, and saw 37 of its levels.
You also visited: Bailey and Volcano.

You collected 5229 gold pieces.
You spent 661 gold pieces at shops.


Innate Abilities, Weirdness & Mutations

Your natural rate of healing is accelerated.
You have razor-sharp teeth.
You have supernaturally acute eyesight. (SInv)
You are afflicted with vampirism and can become a bat while bloodless.


   Skills:
 + Level 14.8 Fighting
 - Level 12.0(12.9) Short Blades
 - Level 7.3(10.2) Long Blades
 - Level 2.0 Throwing
 - Level 4.0 Armour
 + Level 15.2 Dodging
 - Level 21.0 Stealth
 + Level 5.6 Shields
 - Level 8.0 Spellcasting
 * Level 7.8 Conjurations
 - Level 21.0 Hexes
 - Level 2.0 Summonings
 - Level 4.0 Translocations
 - Level 4.0 Transmutations
 - Level 2.0 Ice Magic
 * Level 10.6 Earth Magic
 - Level 7.4 Invocations
 + Level 8.0 Evocations


You had one spell level left.
You knew the following spells:

 Your Spells              Type           Power      Damage    Failure   Level
a - Ensorcelled Hibernat  Hex/Ice        100%       N/A       1%          2
b - Stone Arrow           Conj/Erth      100%       3d13      1%          3
c - Dazzling Flash        Conj/Hex       100%       N/A       1%          3
d - Cause Fear            Hex            42%        N/A       1%          4
e - Tukima's Dance        Hex            84%        N/A       0%          3
f - Call Imp              Summ           19%        N/A       8%          2
g - Yara's Violent Unrav  Hex/Tmut       31%        3d13      1%          5
h - Confusing Touch       Hex            84%        N/A       0%          3
m - Blink                 Tloc           56%        N/A       3%          2
q - Enfeeble              Hex            42%        N/A       1%          7

Your spell library contained the following spells:

 Spells                   Type           Power      Damage    Failure   Level
 Slow                     Hex            100%       N/A       0%          1
 Magic Dart               Conj           100%       1d8       1%          1
 Sandblast                Erth           100%       2d20      1%          1
 Apportation              Tloc           56%        N/A       2%          1
 Foxfire                  Conj/Fire      100%       2x1d9     2%          1
 Shock                    Conj/Air       100%       1d9       2%          1
 Sting                    Tmut/Pois      76%        1d6       5%          1
 Summon Small Mammal      Summ           76%        N/A       5%          1
 Animate Skeleton         Necr           18%        N/A       12%         1
 Passwall                 Tmut/Erth      36%        N/A       1%          2
 Inner Flame              Hex/Fire       56%        N/A       1%          3
 Portal Projectile        Hex/Tloc       100%       N/A       1%          3
 Fulminant Prism          Conj/Hex       34%        3d16      1%          4
 Static Discharge         Conj/Air       28%        N/A       3%          2
 Wereblood                Tmut           28%        N/A       3%          2
 Metabolic Englaciation   Hex/Ice        29%        N/A       3%          5
 Lee's Rapid Deconstruct  Erth           28%        3d16*     4%          5
 Petrify                  Tmut/Erth      44%        N/A       6%          4
 Conjure Flame            Conj/Fire      28%        6-21      7%          3
 Gell's Gravitas          Tloc           28%        N/A       7%          3
 Lesser Beckoning         Tloc           28%        N/A       7%          3
 Teleport Other           Tloc           28%        N/A       7%          3
 Animate Armour           Summ/Erth      78%        N/A       9%          4
 Iskenderun's Mystic Bla  Conj/Tloc      38%        2d9       11%         4
 Mephitic Cloud           Conj/Pois/Air  22%        N/A       12%         3
 Ozocubu's Armour         Ice            19%        N/A       16%         3
 Hailstorm                Conj/Ice       33%        3d8       16%         4
 Poisonous Vapours        Pois/Air       18%        N/A       19%         2
 Scorch                   Fire           18%        2d6       19%         2
 Ignite Poison            Fire/Tmut/Pois 15%        N/A       22%         3
 Flame Wave               Conj/Fire      28%        2d8       24%         4
 Swiftness                Air            9%         N/A       34%         3
 Vampiric Draining        Necr           9%         2d6       34%         3
 Ice Form                 Ice/Tmut       24%        N/A       34%         4
 Borgnjor's Vile Clutch   Necr/Erth      17%        N/A       36%         5
 Iron Shot                Conj/Erth      26%        9d6       38%         6
 Blade Hands              Tmut           14%        N/A       54%         5
 Lightning Bolt           Conj/Air       14%        1d27      54%         5
 Manifold Assault         Tloc           28%        N/A       54%         5
 Statue Form              Tmut/Erth      29%        N/A       67%         6
 Airstrike                Air            4%         N/A       75%         4
 Animate Dead             Necr           4%         N/A       75%         4
 Olgreb's Toxic Radiance  Pois           9%         N/A       75%         4
 Excruciating Wounds      Necr           4%         N/A       97%         5
 Death Channel            Necr           4%         N/A       100%        6
 Simulacrum               Ice/Necr       7%         N/A       100%        6
 Summon Cactus Giant      Summ           9%         N/A       100%        6
 Dragon Form              Tmut           14%        N/A       100%        7
 Storm Form               Tmut/Air       9%         N/A       100%        7
 Maxwell's Capacitive Co  Air            4%         ∞         100%        8
 Dragon's Call            Summ           9%         N/A       100%        9

Inventory:

Hand Weapons
 a - the +8 arc blade (weapon) {discharge, rElec}
   (You took it off a deep elf demonologist on level 3 of the Elven Halls)

   It occasionally unleashes powerful arcs of lightning upon striking a foe.
   These may arc to other adjacent creatures (including the wielder, but dealing
   reduced damage to them) before grounding out.
   rElec:     It insulates you from electricity.
 b - the +3 Elemental Staff {rElec rF++ rC++ AC+5}
   (You found it on level 5 of the Lair of Beasts)

   If the wielder is skilled in Evocations, they can discharge powerful blasts
   of elemental energy when striking with it.
   It enhances your fire, ice, earth and air magic.
   AC:        It affects your AC (+5).
   rF:        It greatly protects you from fire.
   rC:        It greatly protects you from cold.
   rElec:     It insulates you from electricity.
 Z - the +4 long sword of Festooned Watchfulness {flame, Str+3 Int+7}
   (You bought it in a shop on level 2 of the Orcish Mines)

   It burns those it strikes, dealing additional fire damage.
   Big, fiery blades are also staple armaments of hydra-hunters.
   Str:       It affects your strength (+3).
   Int:       It affects your intelligence (+7).
Missiles
 D - 11 curare-tipped darts (quivered) {=f}
Armour
 h - a +1 buckler of reflection (worn)
 u - a +1 helmet (worn)
 w - a +2 pair of boots of stealth (worn)
 y - a +1 pair of gloves (worn)
 K - +0 acid dragon scales (worn)
 W - a +2 cloak of stealth (worn)
Jewellery
 p - the ring of Optimism (right hand) {rElec rPois rC+ Will+}
   (You found it on level 3 of the Dungeon)

   [ring of poison resistance]

   rC:        It protects you from cold.
   rElec:     It insulates you from electricity.
   rPois:     It protects you from poison.
   Will:      It increases your willpower.
 q - the amulet of Modesty (around neck) {RegenMP rN+}
   (You found it on level 9 of the Dungeon)

   [amulet of magic regeneration]

   It increases your rate of magic regeneration.
   rN:        It protects you from negative energy.
 v - a +4 ring of protection
 C - a +6 ring of intelligence (left hand)
 L - a ring of protection from cold
 P - a ring of protection from fire
 T - the ring "Arupsem" {*Slow Str+6 Int+5 Dex-3 Slay+6}
   (You found it on level 3 of the Elven Halls)

   [ring of strength]

   Str:       It affects your strength (+6).
   Int:       It affects your intelligence (+5).
   Dex:       It affects your dexterity (-3).
   Slay:      It affects your accuracy & damage with ranged weapons and melee
   (+6).
   *Slow:     It may slow you when you take damage.
Wands
 z - a wand of mindburst (24)
 B - a wand of flame (66)
 G - a wand of paralysis (8)
 N - a wand of iceblast (7)
 R - a wand of acid (3)
 U - a wand of charming (15)
Scrolls
 e - 4 scrolls of magic mapping
 n - 7 scrolls of teleportation {@r2}
 o - 8 scrolls of vulnerability
 r - 7 scrolls of silence {!r}
 s - 3 scrolls of fear
 t - 9 scrolls of identify {@r1}
 A - 11 scrolls of blinking
 F - 3 scrolls of fog
 H - 7 scrolls of immolation
 X - a scroll of torment
 Y - 5 scrolls of enchant armour
Potions
 c - 4 potions of invisibility
 d - 2 potions of might
 f - 6 potions of brilliance
 i - 3 potions of cancellation
 j - 13 potions of mutation
 k - 6 potions of haste {@q3}
 l - a potion of magic
 m - 2 potions of heal wounds {@q2}
 x - 7 potions of curing {@q1}
 E - 7 potions of lignification
 I - 8 potions of ambrosia
 J - 7 potions of flight
 M - 2 potions of berserk rage {!q}
 Q - 5 potions of attraction
 V - a potion of resistance
Miscellaneous
 g - a phantom mirror
 O - a condenser vane
 S - a phial of floods

Dungeon Overview and Level Annotations

Branches:
Dungeon (15/15)            Temple (1/1) D:5            Lair (6/6) D:10
  Swamp (4/4) Lair:2       Spider (4/4) Lair:4        Slime (0/5) Lair:6
    Orc (2/2) D:10            Elf (3/3) Orc:2        Vaults (2/5) D:14
 Depths (0/4) D:15         Bailey (visited)         Volcano (visited)
  Crypt: Vaults:2-3

Altars:
Ashenzari
Cheibriados
Dithmenos
Elyvilon
Fedhas
Gozag
Hepliaklqana
Kikubaaqudgha
Makhleb
Nemelex Xobeh
Okawaru
Qazlal
Ru
Sif Muna
Trog
Uskayaw
Vehumet
Wu Jian
Xom
Yredelemnul
Zin
The Shining One
Lugonu

Shops:
D:10 =   Orc:2 *((!

Portals:
Abyss: Lair:6

Annotations:
D:5 exclusion: phantom
D:9 3 runed translucent doors, KApperson's ghost, novice MiFi
Lair:4 1 runed translucent door, SnakkuSnakku7's ghost, journeyman DEAr
Swamp:4 exclusion: oklob plant

....▒ ....▒ ▒+▒ ....▒ ▒.. ....▒
▒ ▒.▒▒▒ ....▒ c' ▒... ▒....▒
....▒ ▒'▒▒▒▒▒▒▒.▒ ▒....▒ ....▒
▒...)...'.▒ .▒....▒ ....▒
.▒.......▒.▒▒▒▒.▒....▒ ....▒
..▒.....@.▒......▒....▒
.(..▒.....▒.....c.▒▒▒'▒▒▒▒....▒
..§.▒... ▒.......▒...........▒
▒▒§▒▒▒+▒▒▒▒▒▒▒+▒▒▒▒...........▒
▒..§§...▒.....................▒
▒...§...▒....▒▒▒▒▒▒▒▒▒▒▒▒▒▒▒..▒
▒.▒▒§▒▒.▒....▒.............▒..▒
▒.▒§§.▒.▒....▒.........†...▒..▒
▒.▒▒§▒▒.'....▒.............▒..▒


You could see a yaktaur captain and a yaktaur.


Message History

Dithmenos accepts your kill. The yaktaur captain closely misses you.
Casting: Ensorcelled Hibernation (safe; 1% risk of failure)
Confirm with . or Enter, or press ? or * to list all spells.
Aiming: Ensorcelled Hibernation (safe; 1% risk of failure)
Press: ? - help, Shift-Dir - straight line, f - yaktaur captain
Aim: a yaktaur captain, quivering bolts (severely wounded, umbra, chance to affect: 37%)
The yaktaur captain easily resists.
Your shadow mimicks your spell!
The yaktaur captain resists with almost no effort.
The yaktaur captain hits you!
* * * LOW HITPOINT WARNING * * *
A yaktaur opens the door.
Unknown command.
You completely miss the yaktaur captain.
The yaktaur captain is severely wounded.
The yaktaur captain hits you!!
* * * LOW HITPOINT WARNING * * *
You feel much better. The yaktaur captain misses you.
Casting: Ensorcelled Hibernation (safe; 1% risk of failure)
Confirm with . or Enter, or press ? or * to list all spells.
Casting: Cause Fear (safe; 1% risk of failure)
Press: ? - help, Dir - look around, f - activate The yaktaur captain resists with almost no effort.
The yaktaur seems to regain its courage.
The yaktaur captain hits you.
* * * LOW HITPOINT WARNING * * *
The yaktaur wields a +0 arbalest.
The yaktaur shoots a bolt.
The bolt hits you!!
You die...

Skill      XL: |  1  2  3  4  5  6  7  8  9 10 11 12 13 14 15 16 17 18 19 20 |
---------------+-------------------------------------------------------------+-----
Short Blades   | 2 3 4 5 6 8 10 11 12 | 12.0
Fighting       | 1 2 3 4 5 6 7 9 10 11 12 13 14 | 14.8
Hexes          | 5 6 7 8 9 11 12 13 15 19 21 | 21.0
Stealth        | 5 6 8 9 12 14 15 17 21 | 21.0
Ice Magic      | 1 2 |  2.0
Armour         | 2 4 |  4.0
Dodging        | 4 6 8 9 10 11 12 13 14 15 | 15.2
Spellcasting   | 3 5 6 7 8 |  8.0
Summonings     | 2 |  2.0
Invocations    | 3 5 7 |  7.4
Long Blades    | 2 4 7 |  7.3
Evocations     | 3 5 7 8 |  8.0
Throwing       | 2 |  2.0
Shields        | 3 5 |  5.6
Transmutations | 1 4 |  4.0
Earth Magic    | 1 7 9 10 | 10.6
Conjurations   | 1 5 6 7 |  7.8
Translocations | 3 4 |  4.0

Action                   |  1- 3 |  4- 6 |  7- 9 | 10-12 | 13-15 | 16-18 | 19-21 || total
-------------------------+-------+-------+-------+-------+-------+-------+-------++-------
Melee: Dagger            |    82 |       |    71 |     1 |   419 |   740 |       ||  1313
       Bite              |    10 |    17 |    34 |    43 |   165 |    78 |    49 ||   396
       Punch             |     2 |       |     1 |     4 |    15 |       |       ||    22
       Short sword       |     2 |   133 |   183 |   401 |   570 |       |       ||  1289
       Long sword        |       |       |       |       |   130 |    28 |       ||   158
       Staff             |       |       |       |       |       |    10 |       ||    10
       Rapier            |       |       |       |       |       |       |   465 ||   465
Throw: Dart              |       |     1 |    13 |     4 |     9 |    14 |     3 ||    44
 Cast: Ensorcelled Hiber |     9 |    29 |    31 |   191 |   324 |   269 |   156 ||  1009
       Confusing Touch   |     2 |     5 |    16 |    19 |    91 |    15 |     1 ||   149
       Tukima's Dance    |       |     2 |    34 |    24 |    92 |    15 |    23 ||   190
       Cause Fear        |       |       |       |     6 |       |     1 |     2 ||     9
       Dazzling Flash    |       |       |       |     9 |    16 |     8 |       ||    33
       Call Imp          |       |       |       |     1 |     3 |     1 |     2 ||     7
       Enfeeble          |       |       |       |       |     3 |    92 |    88 ||   183
       Yara's Violent Un |       |       |       |       |       |    77 |    22 ||    99
       Stone Arrow       |       |       |       |       |       |    93 |    71 ||   164
       Blink             |       |       |       |       |       |       |     1 ||     1
Invok: Shadow Step       |       |       |       |     1 |     7 |     9 |     9 ||    26
Evoke: Wand              |       |       |       |       |     7 |     2 |     3 ||    12
       Condenser vane    |       |       |       |       |       |     4 |     2 ||     6
       Phantom mirror    |       |       |       |       |       |       |     1 ||     1
  Use: Scroll            |     1 |       |     9 |     7 |    17 |    24 |     4 ||    62
       Potion            |       |       |     1 |       |     2 |     4 |     1 ||     8
 Stab: Sleeping          |    22 |    16 |    19 |   106 |   245 |   253 |   137 ||   798
       Confused          |     1 |     5 |    13 |    23 |    88 |    15 |       ||   145
       Invisible         |       |       |       |     5 |    17 |    82 |    51 ||   155
       Fleeing           |       |       |       |     1 |       |       |       ||     1
       Distracted        |       |       |       |     1 |     4 |     6 |       ||    11
       Paralysed         |       |       |       |       |     1 |       |     1 ||     2
       Petrifying        |       |       |       |       |       |       |     2 ||     2
Armor: Robe              |    10 |     4 |     9 |       |       |       |       ||    23
       Leather armour    |       |    37 |    18 |       |     2 |       |       ||    57
       Steam dragon scal |       |       |    55 |    26 |       |       |       ||    81
       Acid dragon scale |       |       |       |    94 |   200 |   221 |   125 ||   640
Dodge: Dodged            |    33 |    90 |   128 |   275 |   635 |   552 |   360 ||  2073
       Repelled          |       |       |       |       |     2 |       |     6 ||     8
Block: Buckler           |       |       |       |       |   158 |   190 |   143 ||   491
       Reflection        |       |       |       |       |     9 |    11 |    12 ||    32

Levels and vault maps discovered:
D:1:      minmay_arrival_jagged, layout_loops_cross, minmay_tromino_i2
D:2:      layout_loops_corners, basic_altar, basic_ecumenical_altar
D:3:      layout_rooms, roderic_serpentine_path, dk_noncrumbling_4
D:4:      nicolae_cairo_tiling_large_dashed, layout_basic, dk_rats_in_the_wall
D:5:      layout_loops_corners, minmay_temple_entry_junction_2
D:6:      minmay_klotski, layout_loops_ring, cheibriados_altar_1,
          grunt_decor_cap, kennysheep_nondescript, dk_vineyard_3,
          item_on_display_b, uniq_sigmund
D:7:      layout_loops_cross, serial_co_window_serial, co_window_paths_a,
          co_window_corner_a, co_window_cross_1, co_window_paths_b,
          co_window_corner_a, co_window_corner_a, co_window_of_opportunity_a,
          co_window_broadway_b, co_window_2corner, co_window_broadway_a,
          co_window_broadway_c, glass_columns_a, glass_columns_a,
          glass_columns_c, glass_columns_a, kennysheep_generic_room_5,
          uniq_harold
D:8:      layout_cave_pools, enter_bailey_4
D:9:      layout_roguey, gammafunk_ghost_necromancy
D:10:     layout_roguey, due_lair_maze_entry_diamond, serial_shops,
          kennysheep_mini, roderic_batcave, uniq_psyche, uniq_joseph
D:11:     wander_river, layout_rooms, serial_glass, glass_columns_c,
          glass_columns_b, grunt_ministairs_15
D:12:     layout_loops_corners
D:13:     layout_irregular_city, uniq_kirke
D:14:     layout_big_octagon, lightli_vaults_fourway_checkpoint, serial_park,
          serial_park_tiny_1
D:15:     hangedman_depths_entry_try_elsewhere_first, layout_cave_pods,
          wad_floor_pattern_untrapped
Temple:   mainiacjoe_temple_archimedes_tessellation
Lair:1:   layout_hall_layers, kennysheep_snail_temple,
          infiniplex_staircase_pool_2, grunt_megastairs_4
Lair:2:   layout_cave_pods, palyth_hydra_swamp_entry, minivault_26,
          beast_lair_carwin_6
Lair:3:   layout_roguey, lemuel_fruit_tree
Lair:4:   layout_gridlike, spider_nest_entry_a, gammafunk_ghost_grave,
          nicolae_volcano_entry_two_sided
Lair:5:   layout_cave_pods, serial_forest, infiniplex_forest_end_3,
          infiniplex_forest_end_2, infiniplex_forest_clump_long,
          infiniplex_forest_lined_corner, infiniplex_forest_lined_3_way,
          uniq_rupert
Lair:6:   hellmonk_lair_end_abyssal_woods, layout_small_grid, slime_dummy,
          basic_altar
Swamp:1:  layout_basic_swamp, nicolae_swamp_little_swirl, swamp_pool1,
          cheibrodos_swamp_witchery, uniq_louise
Swamp:2:  gammafunk_mikee_crab_dinner, layout_basic_swamp,
          evilmike_swamp_ruin_house_4, swamp_pool2
Swamp:3:  layout_basic_swamp, nicolae_swamp_triple_paths,
          infiniplex_staircase_pool, uniq_roxanne
Swamp:4:  byrel_swamp_growth_death_and_undeath, layout_basic_swamp
Spider:1: layout_spider_delve, hangedman_spider_tarantella_strand
Spider:2: layout_spider_delve, uniq_aizul
Spider:3: layout_cave_pods
Spider:4: grunt_spider_rune_circles
Orc:1:    layout_caves, nicolae_orc_damp_corner
Orc:2:    st_orc_pillars, layout_diamond_mine, nicolae_orc_lava_room
Elf:1:    nicolae_elf_arrival_aired_out, layout_gridlike, basic_altar,
          hangedman_elf_represent, nicolae_elf_glass_and_crystal_pillar_2,
          roderic_lattice_octagonal_star
Elf:2:    nicolae_elf_blades_crystal_corner, layout_gridlike, uniq_asterion
Elf:3:    minmay_elf_hall_hex, layout_geoelf_octagon,
          nicolae_elf_glass_and_crystal_pillar_1
Vaults:1: nicolae_vaults_meeting, vaults_dpeg_encased_lava,
          vaults_dpeg_diagonal, layout_vaults_omnigrid, uniq_nikola
Vaults:2: v_rooms_4, nicolae_vaults_circle_grid_b, nicolae_vaults_halls_meeting,
          hangedman_vaults_trim, minmay_crypt_entry_simple_box, serial_ice_h,
          vaults_dpeg_hooks, serial_ice_g, layout_vaults_chaotic_city,
          uniq_xtahua, uniq_donald, uniq_frederick

Notes
Turn   | Place    | Note
-------+----------+-------------------------------------------
     0 | D:1      | thepacket the Vampire Enchanter began the quest for the
                  | Orb.
     0 | D:1      | Reached XP level 1. HP: 13/13 MP: 3/3
   206 | D:1      | Reached skill level 2 in Short Blades
   237 | D:1      | Reached XP level 2. HP: 19/20 MP: 5/5
   299 | D:1      | Learned a level 2 spell: Ensorcelled Hibernation
   500 | D:1      | Reached skill level 1 in Fighting
   805 | D:2      | Found a faded altar of an unknown god.
   976 | D:2      | Gained mutation: You are afflicted with vampirism and can
                  | become a bat while bloodless. [Vampire growth]
   976 | D:2      | Reached XP level 3. HP: 26/26 MP: 6/6
   980 | D:2      | Learned a level 3 spell: Confusing Touch
  1153 | D:2      | Found an iron altar of Okawaru.
  1663 | D:2      | Reached skill level 3 in Short Blades
  1874 | D:3      | Reached XP level 4. HP: 32/32 MP: 7/7
  1876 | D:3      | Identified the ring of Optimism {rElec rPois rC+ Will+}
  2277 | D:3      | Reached skill level 5 in Hexes
  2392 | D:3      | You fall into a shaft and drop 2 floors!
  2392 | D:5      | Entered Level 5 of the Dungeon
  2396 | D:5      | Noticed an ogre
  2411 | D:5      | Killed an ogre
  2412 | D:5      | Reached skill level 2 in Fighting
  2412 | D:5      | Reached skill level 4 in Short Blades
  2412 | D:5      | Reached skill level 5 in Stealth
  2412 | D:5      | Reached XP level 5. HP: 28/38 MP: 1/8
  3608 | D:5      | Learned a level 3 spell: Tukima's Dance
  3907 | D:5      | Noticed a phantom
  4051 | D:5      | Reached XP level 6. HP: 34/46 MP: 6/9
  4109 | D:5      | Found a staircase to the Ecumenical Temple.
  4138 | Temple   | Entered the Ecumenical Temple
  4395 | Temple   | Became a worshipper of Dithmenos the Shadowed
  4765 | D:6      | Reached skill level 6 in Hexes
  4782 | D:6      | Reached skill level 5 in Short Blades
  4782 | D:6      | Reached skill level 1 in Ice Magic
  5116 | D:6      | Reached skill level 3 in Fighting
  5116 | D:6      | Reached XP level 7. HP: 49/52 MP: 7/10
  5248 | D:6      | Found a snail-covered altar of Cheibriados.
  5441 | D:6      | Reached skill level 6 in Short Blades
  5441 | D:6      | Reached skill level 2 in Ice Magic
  5481 | D:6      | Reached skill level 7 in Hexes
  6124 | D:7      | Reached skill level 4 in Fighting
  6124 | D:7      | Reached XP level 8. HP: 32/59 MP: 3/11
  6138 | D:7      | Reached skill level 7 in Short Blades
  6366 | D:7      | Reached * piety under Dithmenos
  6470 | D:7      | Reached skill level 8 in Hexes
  6534 | D:7      | Noticed Harold
  6553 | D:7      | Killed Harold
  6554 | D:7      | Reached skill level 5 in Fighting
  6554 | D:7      | Reached skill level 8 in Short Blades
  6554 | D:7      | Reached skill level 6 in Stealth
  6554 | D:7      | Reached XP level 9. HP: 53/68 MP: 6/12
  6827 | D:7      | Reached skill level 7 in Stealth
  6838 | D:7      | Reached skill level 9 in Short Blades
  7509 | D:6      | Noticed a komodo dragon
  7720 | D:8      | Reached skill level 8 in Stealth
  7787 | D:8      | Reached skill level 10 in Short Blades
  7793 | D:8      | Learned a level 3 spell: Dazzling Flash
  7800 | D:8      | Found a flagged portal.
  7836 | Bailey   | Entered a bailey
  7949 | Bailey   | Reached skill level 6 in Fighting
  8078 | Bailey   | Reached skill level 1 in Armour
  8241 | Bailey   | Reached ** piety under Dithmenos
  8410 | Bailey   | Reached skill level 3 in Dodging
  8626 | Bailey   | Identified a +0 crystal plate armour
  8631 | Bailey   | Reached skill level 3 in Spellcasting
  8693 | Bailey   | Noticed an orc knight
  8693 | Bailey   | Noticed an orc knight
  8693 | Bailey   | Noticed an orc knight
  8777 | Bailey   | Killed an orc knight
  8778 | Bailey   | Reached skill level 2 in Armour
  8778 | Bailey   | Reached skill level 4 in Dodging
  8778 | Bailey   | Reached XP level 10. HP: 44/77 MP: 4/14
  8788 | Bailey   | Killed an orc knight
  8943 | Bailey   | Killed an orc knight
  9146 | D:8      | Reached skill level 3 in Armour
  9441 | D:8      | Reached skill level 4 in Spellcasting
  9676 | D:9      | Reached skill level 7 in Fighting
  9846 | D:9      | Identified the amulet of Modesty {RegenMP rN+}
  9867 | D:9      | Reached skill level 5 in Dodging
  9937 | D:9      | Found a runed translucent gate.
  9937 | D:9      | Found a runed translucent gate.
  9940 | D:9      | Found a runed translucent gate.
  9941 | D:9      | Noticed KApperson's ghost (novice MiFi)
  9941 | D:9      | Noticed a spectral centaur warrior
 10134 | D:9      | Noticed a two-headed ogre
 10136 | D:9      | Killed a two-headed ogre
 10300 | D:9      | Learned a level 4 spell: Cause Fear
 10313 | D:10     | Entered Level 10 of the Dungeon
 10466 | D:6      | Noticed a brown ugly thing
 10512 | D:7      | Reached skill level 9 in Stealth
 10571 | D:6      | Killed a brown ugly thing
 10572 | D:6      | Reached skill level 4 in Armour
 10572 | D:6      | Reached skill level 5 in Spellcasting
 10603 | D:6      | Noticed a cyclops
 10610 | D:6      | Reached *** piety under Dithmenos
 10630 | D:6      | Reached skill level 6 in Dodging
 10649 | D:6      | Killed a cyclops
 10650 | D:6      | Reached XP level 11. HP: 86/86 MP: 14/18
 10676 | D:6      | Noticed Sigmund
 10681 | D:6      | Killed Sigmund
 10848 | D:10     | Noticed a two-headed ogre
 10867 | D:10     | Killed a two-headed ogre
 10868 | D:10     | Reached skill level 8 in Fighting
 10868 | D:10     | Reached skill level 10 in Stealth
 10881 | D:10     | Found a staircase to the Orcish Mines.
 10992 | D:10     | Found a staircase to the Lair.
 11008 | D:10     | Reached skill level 7 in Dodging
 11068 | D:10     | Reached skill level 11 in Stealth
 11074 | D:10     | Noticed Psyche
 11103 | D:10     | Killed Psyche
 11227 | D:10     | Noticed Joseph
 11236 | D:10     | Killed Joseph
 11405 | D:10     | Reached **** piety under Dithmenos
 11496 | D:10     | Found Fithilaita's Jewellery Shop.
 11665 | Lair:1   | Entered Level 1 of the Lair of Beasts
 11684 | Lair:1   | Reached skill level 8 in Dodging
 11790 | Lair:1   | Reached skill level 9 in Fighting
 11795 | Lair:1   | Reached skill level 12 in Stealth
 12173 | Lair:1   | Reached skill level 9 in Hexes
 12320 | Lair:1   | Reached XP level 12. HP: 92/95 MP: 11/19
 12489 | Lair:1   | Found a snail-covered altar of Cheibriados.
 12735 | Lair:1   | Reached skill level 9 in Dodging
 12801 | Lair:2   | Reached skill level 13 in Stealth
 13074 | Lair:2   | Reached skill level 11 in Short Blades
 13074 | Lair:2   | Reached skill level 10 in Hexes
 13461 | Lair:2   | Reached skill level 10 in Fighting
 13627 | Lair:2   | Noticed a four-headed hydra
 13925 | Lair:2   | Noticed a five-headed hydra
 13949 | Lair:2   | Killed a four-headed hydra
 13950 | Lair:2   | Reached skill level 14 in Stealth
 14054 | Lair:2   | Learned a level 2 spell: Call Imp
 14059 | Lair:2   | Reached skill level 11 in Hexes
 14093 | Lair:2   | Killed a five-headed hydra
 14165 | Lair:2   | Found a staircase to the Swamp.
 14282 | Lair:3   | Reached skill level 1 in Summonings
 14488 | Lair:3   | Reached skill level 2 in Summonings
 14488 | Lair:3   | Reached XP level 13. HP: 90/104 MP: 12/20
 14794 | Lair:3   | Reached skill level 12 in Short Blades
 14920 | Lair:3   | Reached skill level 1 in Invocations
 14926 | Lair:3   | Reached skill level 12 in Hexes
 15175 | Lair:3   | Reached skill level 15 in Stealth
 15463 | Lair:4   | Found a dark tunnel.
 15470 | Volcano  | Entered a volcano
 15584 | Volcano  | Reached skill level 2 in Invocations
 15859 | Volcano  | Found a burning altar of Makhleb.
 16385 | Volcano  | Noticed a red draconian
 16392 | Volcano  | Killed a red draconian
 16407 | Volcano  | Reached skill level 11 in Fighting
 16407 | Volcano  | Reached skill level 6 in Spellcasting
 16460 | Lair:4   | Reached skill level 3 in Invocations
 16568 | Lair:4   | Reached skill level 1 in Long Blades
 16610 | Lair:4   | Found a hole to the Spider Nest.
 16684 | Lair:4   | Reached skill level 10 in Dodging
 16856 | Lair:4   | Found a runed translucent door.
 16857 | Lair:4   | Noticed SnakkuSnakku7's ghost (journeyman DEAr)
 17231 | Lair:5   | You fall into a shaft and drop 1 floor!
 17231 | Lair:6   | Entered Level 6 of the Lair of Beasts
 17261 | Lair:6   | Reached ***** piety under Dithmenos
 17310 | Lair:6   | Reached skill level 2 in Long Blades
 17471 | Lair:6   | Found a burning altar of Makhleb.
 17764 | Lair:6   | Reached XP level 14. HP: 103/113 MP: 23/23
 17780 | Lair:6   | Reached skill level 4 in Invocations
 17935 | Lair:6   | Reached skill level 3 in Long Blades
 18013 | Lair:6   | Reached skill level 1 in Evocations
 18279 | Lair:5   | Noticed Rupert
 18642 | Lair:5   | Found the +3 Elemental Staff {rElec rF++ rC++ AC+5}
 18653 | Lair:5   | Reached skill level 13 in Hexes
 18993 | Lair:5   | Reached skill level 7 in Spellcasting
 19450 | D:11     | Reached skill level 1 in Throwing
 19450 | D:11     | Reached skill level 2 in Evocations
 19637 | D:11     | Identified the +2 pair of boots of Analysis {-Tele +Inv
                  | Will- Str+9}
 20203 | D:12     | Identified the +1 robe "Pikhlel" {Rampage Dex+6}
 20211 | D:12     | Reached skill level 4 in Long Blades
 20211 | D:12     | Reached skill level 1 in Shields
 20769 | D:12     | Reached skill level 5 in Invocations
 21190 | D:13     | HP: 11/114 [meliai/divine providence (16)]
 21375 | D:13     | Reached skill level 11 in Dodging
 21375 | D:13     | Reached skill level 2 in Shields
 21701 | D:13     | Reached skill level 2 in Throwing
 21763 | D:13     | Noticed Kirke
 21765 | D:13     | Killed Kirke
 21971 | D:14     | Reached skill level 3 in Evocations
 22047 | D:14     | Learned a level 5 spell: Yara's Violent Unravelling
 22266 | D:13     | Reached skill level 3 in Shields
 22420 | Orc:1    | Entered Level 1 of the Orcish Mines
 22629 | Orc:2    | Entered Level 2 of the Orcish Mines
 22634 | Orc:2    | Reached skill level 1 in Transmutations
 22923 | Orc:2    | Reached XP level 15. HP: 111/119 MP: 23/26
 23766 | Orc:2    | Reached skill level 4 in Shields
 23778 | Orc:2    | Reached skill level 2 in Transmutations
 24135 | Orc:2    | Reached skill level 14 in Hexes
 24186 | Orc:2    | Reached skill level 12 in Fighting
 24229 | Orc:2    | Reached skill level 16 in Stealth
 24240 | Orc:2    | Found Isall's Weapon Shop.
 24240 | Orc:2    | Found Riukur's General Store.
 24241 | Orc:2    | Found Xanovukh's Distillery.
 24241 | Orc:2    | Found Pygedd's Antique Weapon Boutique.
 24251 | Orc:2    | Bought a potion of degeneration for 13 gold pieces
 24257 | Orc:2    | Bought a scroll of identify for 26 gold pieces
 24258 | Orc:2    | Bought a potion of curing for 39 gold pieces
 24260 | Orc:2    | Bought a glimmering long sword for 297 gold pieces
 24260 | Orc:2    | Identified the +4 long sword of Festooned Watchfulness
                  | {flame, Str+3 Int+7} (You bought it in a shop on level 2 of
                  | the Orcish Mines)
 24267 | Orc:2    | Bought a potion of ambrosia for 104 gold pieces
 24267 | Orc:2    | Bought a potion of brilliance for 52 gold pieces
 24267 | Orc:2    | Bought a potion of haste for 130 gold pieces
 24370 | Orc:2    | Found a staircase to the Elven Halls.
 24410 | Orc:2    | Reached ****** piety under Dithmenos
 25041 | Orc:1    | Learned a level 7 spell: Enfeeble
 25172 | Lair:5   | Killed Rupert
 25173 | Lair:5   | Reached skill level 5 in Shields
 25173 | Lair:5   | Reached skill level 8 in Spellcasting
 25173 | Lair:5   | Reached skill level 3 in Transmutations
 25345 | Lair:6   | Reached skill level 5 in Long Blades
 25499 | Lair:6   | Found a staircase to the Slime Pits.
 25699 | Lair:6   | Reached skill level 4 in Transmutations
 26116 | Lair:6   | Reached skill level 15 in Hexes
 26720 | Lair:6   | Reached skill level 6 in Long Blades
 26755 | Lair:6   | Reached skill level 17 in Stealth
 26772 | Lair:6   | Found a corrupted altar of Lugonu.
 26772 | Lair:6   | Found a one-way gate to the infinite horrors of the Abyss.
 27643 | D:14     | Found a gate to the Vaults.
 28242 | D:14     | Reached skill level 7 in Long Blades
 28426 | D:14     | Reached XP level 16. HP: 121/127 MP: 12/28
 28533 | D:15     | Entered Level 15 of the Dungeon
 29139 | D:15     | Reached skill level 16 in Hexes
 29164 | D:15     | Identified 2 scrolls of acquirement
 29170 | D:15     | Acquired a +7 quick blade
 29172 | D:15     | Acquired the Guide on Transmigration and Stones
 29199 | D:15     | Reached skill level 18 in Stealth
 29201 | D:15     | Found a staircase to the Depths.
 29798 | Spider:1 | Entered Level 1 of the Spider Nest
 30332 | Spider:1 | Reached skill level 17 in Hexes
 30343 | Spider:1 | Reached skill level 19 in Stealth
 30351 | Spider:1 | Identified a potion of resistance
 31276 | Spider:2 | Reached skill level 18 in Hexes
 31290 | Spider:2 | Reached skill level 20 in Stealth
 31508 | Spider:2 | Noticed Aizul
 31511 | Spider:2 | Killed Aizul
 32215 | Spider:3 | Reached skill level 21 in Stealth
 32215 | Spider:3 | Reached skill level 19 in Hexes
 32737 | Spider:3 | Reached XP level 17. HP: 72/133 MP: 3/29
 33002 | Spider:3 | Reached skill level 20 in Hexes
 33683 | Spider:3 | Identified the +1 robe "Yfritun" {Rampage}
 33769 | Spider:3 | Reached skill level 21 in Hexes
 33938 | Spider:4 | Entered Level 4 of the Spider Nest
 35006 | Spider:4 | Reached skill level 6 in Invocations
 35221 | Spider:4 | Reached skill level 12 in Dodging
 36371 | Spider:4 | Got a gossamer rune of Zot
 36796 | Elf:1    | Entered Level 1 of the Elven Halls
 36808 | Elf:1    | Paralysed by an air elemental for 1 turns
 36810 | Elf:1    | Reached skill level 7 in Invocations
 36815 | Elf:1    | Paralysed by an air elemental for 1 turns
 36823 | Elf:1    | Paralysed by an air elemental for 1 turns
 37233 | Elf:1    | Reached skill level 13 in Fighting
 37544 | Elf:1    | Learned a level 3 spell: Stone Arrow
 37600 | Elf:1    | Reached skill level 1 in Earth Magic
 37627 | Elf:1    | Reached skill level 1 in Conjurations
 37712 | Elf:1    | Reached XP level 18. HP: 129/143 MP: 20/30
 37725 | Elf:1    | Reached skill level 2 in Earth Magic
 37843 | Elf:1    | Reached skill level 2 in Conjurations
 37963 | Elf:1    | Reached skill level 3 in Earth Magic
 38288 | Elf:1    | Reached skill level 3 in Conjurations
 38292 | Elf:1    | Reached skill level 4 in Earth Magic
 38590 | Elf:1    | Found a radiant altar of Vehumet.
 39064 | Elf:2    | Reached skill level 5 in Earth Magic
 39288 | Elf:2    | Reached skill level 4 in Conjurations
 39314 | Elf:2    | Reached skill level 13 in Dodging
 39343 | Elf:2    | Found a runed translucent gate.
 39343 | Elf:2    | Found a runed translucent gate.
 39343 | Elf:2    | Found a runed translucent gate.
 39824 | Elf:2    | Noticed Asterion
 39831 | Elf:2    | Killed Asterion
 39832 | Elf:2    | Reached skill level 6 in Earth Magic
 39889 | Elf:2    | Reached skill level 4 in Evocations
 40147 | Elf:2    | Reached skill level 5 in Conjurations
 40330 | Elf:3    | Entered Level 3 of the Elven Halls
 40746 | Elf:3    | Reached skill level 7 in Earth Magic
 41017 | Elf:3    | Noticed an Ice Fiend
 41530 | Elf:3    | Noticed an Ice Fiend
 41535 | Elf:3    | Noticed an Ice Fiend
 41540 | Elf:3    | Reached skill level 5 in Evocations
 41608 | Elf:3    | Reached XP level 19. HP: 151/151 MP: 22/31
 41908 | Elf:3    | Identified the ring "Arupsem" {*Slow Str+6 Int+5 Dex-3
                  | Slay+6}
 42188 | Elf:3    | Noticed a Brimstone Fiend
 42426 | Elf:3    | Identified the ring "Akhley" {rCorr MP+9}
 42708 | Elf:3    | Reached skill level 8 in Earth Magic
 42776 | Elf:3    | Identified the +2 robe of Resilience {Harm rN+}
 42862 | Elf:3    | Reached skill level 14 in Dodging
 42895 | Elf:3    | Got Sif Muna's Compendium of Displaced Transmutation
 42912 | Elf:3    | Identified the +1 falchion "Asogg" {vorpal, rN+ Stlth+}
 42930 | Elf:3    | Reached skill level 14 in Fighting
 43055 | Elf:3    | Learned a level 2 spell: Blink
 43060 | Elf:3    | Identified the +9 rapier of the Forest {freeze, rElec rC+
                  | Will+ Int-4}
 43603 | Swamp:1  | Entered Level 1 of the Swamp
 43725 | Swamp:1  | Reached skill level 6 in Evocations
 43738 | Swamp:1  | Noticed Louise
 43745 | Swamp:1  | Killed Louise
 43746 | Swamp:1  | Reached skill level 6 in Conjurations
 43863 | Swamp:1  | Reached skill level 1 in Translocations
 44532 | Swamp:2  | Found a runed translucent door.
 44661 | Swamp:2  | Paralysed by you for 2 turns
 44736 | Swamp:2  | Reached skill level 2 in Translocations
 45114 | Swamp:3  | Noticed Roxanne
 45886 | Swamp:3  | Killed Roxanne
 46011 | Swamp:4  | Entered Level 4 of the Swamp
 46176 | Swamp:4  | Acquired 667 gold pieces
 46216 | Swamp:4  | Reached skill level 9 in Earth Magic
 46319 | Swamp:4  | Reached skill level 3 in Translocations
 46431 | Swamp:4  | Reached skill level 7 in Evocations
 46698 | Swamp:4  | Reached XP level 20. HP: 154/159 MP: 22/32
 47544 | Swamp:4  | Found a basalt altar of Yredelemnul.
 47594 | Swamp:4  | Found a blossoming altar of Fedhas.
 47955 | Vaults:1 | Entered Level 1 of the Vaults
 47965 | Vaults:1 | Noticed Nikola
 47967 | Vaults:1 | Killed Nikola
 48087 | Vaults:1 | Reached skill level 7 in Conjurations
 49033 | Vaults:1 | Reached skill level 15 in Dodging
 49033 | Vaults:1 | Reached skill level 4 in Translocations
 49681 | Vaults:1 | Identified the +11 trident of Honour {vorpal, rElec rPois
                  | Str+2}
 49894 | Vaults:1 | Reached skill level 10 in Earth Magic
 50234 | Vaults:2 | Noticed Frederick
 50236 | Vaults:2 | Killed Frederick
 50323 | Vaults:2 | Noticed Xtahua
 50325 | Vaults:2 | Killed Xtahua
 50550 | Vaults:2 | Noticed Donald
 50554 | Vaults:2 | Killed Donald
 50667 | Vaults:2 | Reached skill level 8 in Evocations
 51137 | Vaults:2 | HP: 9/161 [yaktaur captain (20)]
 51139 | Vaults:2 | Shot with a bolt by a yaktaur

Vanquished Creatures
  Frederick (Vaults:2)
  Xtahua (Vaults:2)
  Nikola (Vaults:1)
  Rupert (Lair:5)
  Asterion (Elf:2)
  A deep elf master archer (Elf:3)
  A titan (Vaults:2)
  5 deep elf blademasters
  Roxanne (Swamp:3)
  Kirke (D:13)
  4 thorn hunters (Swamp:4)
  Donald (Vaults:2)
  A fenstrider witch (Swamp:1)
  8 emperor scorpions
  2 vault wardens (Vaults:1)
  4 ghost moths
  5 deep elf sorcerers (Elf:3)
  Louise (Swamp:1)
  4 ironbound preservers
  Aizul (Spider:2)
  7 deep elf elementalists (Elf:3)
  5 very ugly things
  11 deep elf demonologists
  5 broodmothers
  An eleionoma (Swamp:2)
  2 ironbound thunderhulks
  2 vampire knights (Swamp:4)
  A red draconian (Volcano)
  3 bunyips
  4 dire elephants
  7 entropy weavers
  6 deep elf annihilators (Elf:3)
  A spark wasp (Spider:1)
  6 deep elf death magi
  An ettin (Orc:1)
  4 deep elf high priests
  2 yaktaur captains
  21 hydras
  A shambling mangrove (Swamp:4)
  9 vault guards
  A catoblepas (Lair:4)
  8 ghost crabs
  2 jorogumos
  4 boulder beetles
  2 radroaches
  7 two-headed ogres
  5 centaur warriors
  A death knight (D:15)
  7 alligators
  2 ironbound frosthearts (Vaults:2)
  3 tengu warriors
  A death yak (Vaults:2)
  26 deep elf knights
  5 orc high priests (Orc:2)
  3 thrashing horrors (Lair:6)
  A skeletal warrior (D:14)
  4 pharaoh ants
  A salamander mystic (Volcano)
  A flayed ghost (Swamp:4)
  A swamp dragon (shapeshifter) (Elf:2)
  3 goliath frogs
  13 orb spiders
  2 sun moths
  11 steelbarb worms
  7 swamp dragons
  5 spectral hydras (Swamp:4)
  2 bog bodies
  7 deep trolls
  A tengu zombie (Vaults:1)
  An ironbound convoker (Vaults:1)
  4 wizards (Vaults:2)
  10 spriggan druids
  24 deep elf pyromancers
  2 phantasmal warriors
  11 deep elf archers
  10 orc knights
  35 deep elf zephyrmancers
  A necromancer (Vaults:1)
  23 wolf spiders
  21 ugly things
  6 orc sorcerers
  4 will-o-the-wisps
  An iron dragon skeleton (Vaults:1)
  2 manticores
  47 elephants
  5 cyclopes
  4 salamanders (Volcano)
  3 moths of wrath
  6 black mambas
  4 apocalypse crabs (Swamp:2)
  3 vault sentinels
  A molten gargoyle (Volcano)
  A storm dragon simulacrum (Vaults:2)
  A smoke demon (Lair:6)
  7 torpor snails
  10 cane toads
  A rime drake (Lair:6)
  3 gargoyles
  3 kobold demonologists (D:12)
  Psyche (D:10)
  12 komodo dragons
  5 demonic crawlers
  9 yaktaurs
  2 efreet
  A freezing wraith (Swamp:4)
  A tengu conjurer (D:13)
  2 ancient zymes (Lair:6)
  3 hydra zombies (Swamp:4)
  8 trolls
  12 meliai
  2 polar bears
  A bloated husk (Swamp:1)
  3 hydra skeletons (Swamp:4)
  5 tyrant leeches
  7 hornets
  A tengu simulacrum (Vaults:2)
  A death drake skeleton (Swamp:4)
  19 slime creatures
  A tarantella (shapeshifter) (D:14)
  28 tarantellas
  12 blink frogs
  11 dream sheep (Lair:6)
  18 jumping spiders
  6 spriggans
  27 culicivoras
  A water elemental (Elf:2)
  Sigmund (D:6)
  5 wyverns
  4 air elementals
  3 ynoxinuls (Lair:6)
  A vampire (D:14)
  8 basilisks
  27 dancing weapons
  46 yaks
  4 wraiths
  2 fire bats (Volcano)
  8 fire elementals
  A steam dragon (D:7)
  4 chaos spawn (Lair:6)
  78 redbacks
  7 vampire mosquitoes
  4 wargs (Orc:1)
  4 acid dragons
  16 swamp worms
  A hydra simulacrum (Swamp:4)
  19 water moccasins
  3 black bears
  34 orc warriors
  11 small abominations (Lair:6)
  9 swamp drakes
  11 ogres
  A sky beast (D:6)
  4 boggarts (D:14)
  25 wolves
  17 centaurs
  A necrophage (D:6)
  2 swamp dragon zombies (Swamp:4)
  A swamp dragon skeleton (Swamp:4)
  A phantom (D:6)
  7 kobold brigands
  12 bullfrogs
  A gnoll sergeant (D:12)
  3 earth elementals
  2 scorpions
  2 wyvern zombies
  A water moccasin zombie (D:6)
  A wyvern skeleton (D:7)
  A water moccasin skeleton (D:6)
  2 vampire bats (D:10)
  3 wights (D:7)
  An electric eel (Spider:4)
  2 jellies
  3 howler monkeys
  7 lava snakes (Volcano)
  2 human simulacra
  2 bullfrog zombies (D:6)
  3 centaur zombies
  A hound (D:6)
  24 orc priests
  A centaur skeleton (D:7)
  An iguana (Lair:2)
  18 orc wizards
  7 hell rats (Lair:4)
  A howler monkey zombie (D:9)
  6 adders
  3 gnolls (D:12)
  3 white imps
  3 ufetubi
  54 orcs
  7 ball pythons
  8 bats
  6 endoplasms
  6 giant cockroaches
  9 goblins
  10 hobgoblins
  17 kobolds
  A frilled lizard (D:1)
  6 rats
  3 briar patches (Swamp:4)
  A bush (Lair:5)
1347 creatures vanquished.

Vanquished Creatures (collateral kills)
  Harold (D:7)
  A skeletal warrior (D:14)
  A deep elf archer (Elf:1)
  Joseph (D:10)
  A water moccasin (D:10)
  5 orc warriors
  A wight (D:7)
  5 orc priests
  2 orc wizards
  24 orcs
42 creatures vanquished.

Vanquished Creatures (others)
  A deep elf pyromancer (Elf:1)
  A yaktaur (Vaults:2)
  2 bloated husks
  29 dancing weapons
  9 bushes
  2 foxfires (Swamp:3)
  83 fungi
  96 plants
  2 withered plants (Lair:4)
225 creatures vanquished.

Grand Total: 1614 creatures vanquished

Table legend: (Time is in decaauts)
 A = Elapsed time spent in this place.
 B = Non-inter-level travel time spent in this place.
 C = Inter-level travel time spent in this place.
 D = Time resting spent in this place.
 E = Time spent auto-exploring this place.
 F = Levels seen in this place.
 G = Mean time per level.
                   A        B        C        D        E       F      G
               +--------+--------+--------+--------+--------+-----+--------+
         Total |  49990 |  46396 |   3594 |  11681 |  16202 |  39 | 1281.8 |
       Dungeon |  16186 |  14679 |   1507 |   2040 |   7564 |  15 | 1079.1 |
        Temple |    287 |    241 |     46 |      0 |    220 |   1 |  287.0 |
          Lair |   8644 |   7792 |    852 |   1382 |   2680 |   6 | 1440.7 |
         Swamp |   3984 |   3860 |    124 |   1086 |   1164 |   4 |  996.0 |
   Spider Nest |   6805 |   6446 |    359 |   2445 |   1713 |   4 | 1701.2 |
  Orcish Mines |   2729 |   2468 |    261 |    877 |    554 |   2 | 1364.5 |
   Elven Halls |   6588 |   6250 |    338 |   2520 |    872 |   3 | 2196.0 |
        Vaults |   2622 |   2517 |    105 |    486 |   1304 |   2 | 1311.0 |
        Bailey |   1197 |   1197 |      0 |    533 |     93 |   1 | 1197.0 |
       Volcano |    944 |    944 |      0 |    311 |     36 |   1 |  944.0 |
               +--------+--------+--------+--------+--------+-----+--------+

Top non-repeatable levels by time:
Spider:3: 3080 daAuts
   Elf:3: 2745 daAuts
  Lair:6: 2110 daAuts
   Elf:1: 1932 daAuts
   Elf:2: 1910 daAuts
     D:7: 1870 daAuts
Spider:4: 1779 daAuts
  Lair:2: 1649 daAuts
    D:14: 1586 daAuts
   Orc:2: 1568 daAuts
Vaults:1: 1545 daAuts
 Swamp:4: 1535 daAuts
    D:13: 1520 daAuts
  Lair:5: 1473 daAuts
     D:5: 1413 daAuts

Table legend:
 A = Non-vault XP
 B = Vault XP
 C = Vault XP percentage of total XP
 D = Non-vault monster count
 E = Vault monster count
 F = Vault count percentage of total count
                 A         B        C        D         E       F
            +---------+---------+-------+---------+---------+-------
      Total |  327079 |  221995 |  40.4 |     945 |     439 |  31.7
            +---------+---------+-------+---------+---------+-------
        D:1 |      29 |       1 |   3.3 |      16 |       1 |   5.9
        D:2 |      49 |       0 |   0.0 |      15 |       0 |   0.0
        D:3 |      55 |       0 |   0.0 |      17 |       0 |   0.0
        D:4 |      10 |       0 |   0.0 |       6 |       0 |   0.0
        D:5 |     391 |       0 |   0.0 |      12 |       0 |   0.0
        D:6 |     719 |    2867 |  79.9 |      13 |      16 |  55.2
        D:7 |    1332 |    1227 |  47.9 |      25 |       4 |  13.8
        D:8 |     640 |      12 |   1.8 |      17 |       5 |  22.7
        D:9 |    1463 |       0 |   0.0 |      10 |       0 |   0.0
       D:10 |    3138 |    2012 |  39.1 |      24 |      19 |  44.2
       D:11 |    3841 |     944 |  19.7 |      10 |       2 |  16.7
       D:12 |    6413 |       0 |   0.0 |      30 |       0 |   0.0
       D:13 |    9541 |    1396 |  12.8 |      26 |       1 |   3.7
       D:14 |    6483 |    7754 |  54.5 |      17 |      12 |  41.4
       D:15 |    5409 |    3394 |  38.6 |      13 |       4 |  23.5
     Lair:1 |    6549 |    2671 |  29.0 |      35 |      10 |  22.2
     Lair:2 |    3950 |    4713 |  54.4 |       9 |      14 |  60.9
     Lair:3 |   13111 |       0 |   0.0 |      42 |       0 |   0.0
     Lair:4 |    3194 |     174 |   5.2 |      13 |       1 |   7.1
     Lair:5 |    8032 |    1843 |  18.7 |      23 |       1 |   4.2
     Lair:6 |   20158 |   10503 |  34.3 |      59 |      38 |  39.2
    Swamp:1 |    9171 |    2510 |  21.5 |      15 |       2 |  11.8
    Swamp:2 |    5444 |    9556 |  63.7 |      15 |      14 |  48.3
    Swamp:3 |   12010 |    1408 |  10.5 |      23 |       1 |   4.2
    Swamp:4 |   16421 |   21027 |  56.1 |      27 |      39 |  59.1
   Spider:1 |   20429 |     277 |   1.3 |      60 |       1 |   1.6
   Spider:2 |   12790 |    1147 |   8.2 |      38 |       1 |   2.6
   Spider:3 |   35949 |    1089 |   2.9 |      79 |       5 |   6.0
   Spider:4 |   15003 |   20734 |  58.0 |      39 |      32 |  45.1
      Orc:1 |    4581 |     124 |   2.6 |      25 |       1 |   3.8
      Orc:2 |    6693 |    9870 |  59.6 |      40 |      61 |  60.4
      Elf:1 |   32736 |    5978 |  15.4 |      49 |      10 |  16.9
      Elf:2 |   11367 |   28708 |  71.6 |      23 |      35 |  60.3
      Elf:3 |   16701 |   43981 |  72.5 |      28 |      39 |  58.2
   Vaults:1 |   18545 |   12613 |  40.5 |      27 |      12 |  30.8
   Vaults:2 |   14732 |   15243 |  50.9 |      25 |      16 |  39.0
     Bailey |       0 |    2817 | 100.0 |       0 |      25 | 100.0
    Volcano |       0 |    5402 | 100.0 |       0 |      17 | 100.0
            +---------+---------+-------+---------+---------+-------
